 Dungeon Crawl Stone Soup version 0.32-a0-702-gc29ba85809 (webtiles) character file.

Game seed: 6482171866538214495

3019 Bamboolord the Charlatan (level 9, -30/68 (71) HPs)
             Began as a Coglin Berserker on Mar 14, 2024.
             Was a Priest of Trog.
             Annihilated by a white ugly thing (35 damage)
             ... on level 10 of the Dungeon.
             The game lasted 00:12:25 (5274 turns).

Bamboolord the Charlatan (Coglin Berserker)         Turns: 5274, Time: 00:12:26

HP:   -30/68 (71)   AC:  7    Str: 21    XL:     9   Next: 85%
MP:   9/9           EV: 13    Int:  8    God:    Trog [***...]
Gold: 198           SH:  0    Dex: 13    Spells: 8/8 levels left

rFire   . . .        a - +0 hand axe {Tomás}
rCold   . . .        m - +0 hand axe {Tae}
rNeg    . . .        u - +0 steam dragon scales
rPois   .            r - +0 helmet
rElec   .            e - scarf {repulsion}
rCorr   .            (no gloves)
SInv    .            (no boots)
Will    ++...        (amulet unavailable)
Stlth   +            (ring unavailable)
HPRegen 1.31/turn    (ring unavailable)
MPRegen 0.11/turn    (no gizmo)

%: repel missiles
@: strong-willed, on berserk cooldown, regenerating, slowed, lightly drained,
revving, very slow
A: off-hand wielding, slow wielding, warmup strikes, no jewellery
a: Invent Gizmo, Renounce Religion, Berserk, Trog's Hand


You were on level 10 of the Dungeon.
You worshipped Trog.
Trog was most pleased with you.
You visited 2 branches of the dungeon, and saw 9 of its levels.

You collected 302 gold pieces.
You spent 104 gold pieces at shops.

Inventory:

Hand Weapons
 a - a +0 hand axe (weapon) {Tomás}
 m - a +0 hand axe (offhand) {Tae}
Missiles
 t - a throwing net (quivered)
Armour
 b - a +0 scale mail
 e - a scarf of repulsion (worn)
 r - a +0 helmet (worn)
 u - +0 steam dragon scales (worn)
Wands
 h - a wand of warping (5)
Scrolls
 g - a scroll of vulnerability
 i - a scroll of teleportation
 j - a scroll of noise
 o - a scroll of enchant armour {unknown}
 q - a scroll of identify
Potions
 c - 3 potions of curing
 d - a potion of haste {unknown}
 f - a potion of lignification {unknown}
 k - a potion of heal wounds
 l - a potion of berserk rage {unknown}
 p - a potion of ambrosia {unknown}
 s - a potion of invisibility {unknown}


   Skills:
 * Level 6.7 Fighting
 * Level 6.7 Axes
 * Level 5.8 Armour
 * Level 5.7 Dodging
 * Level 7.3 Evocations


You had 8 spell levels left.
You didn't know any spells.
Your spell library was empty.

Dungeon Overview and Level Annotations

Branches:
Dungeon (10/15)            Temple (1/1) D:4
   Lair: D:8-11         Orc: D:9-12

Altars:
Ashenzari
Cheibriados
Dithmenos
Elyvilon
Fedhas
Gozag
Hepliaklqana
Makhleb
Nemelex Xobeh
Okawaru
Qazlal
Ru
Sif Muna
Trog
Vehumet
Wu Jian
Xom
Yredelemnul
Zin
The Shining One

Shops:
D:2 (   D:3 !


Innate Abilities, Weirdness & Mutations

You can wield a second weapon in your off-hand.
It takes a long time for you to wield or remove held weapons.
Your first few attacks do less damage.
You cannot equip rings or amulets.


Message History

You are too berserk!
A wight comes into view. It is wielding a +0 spear.
You feel a strong urge to attack something.
You feel your anger nearly subside.
You are no longer berserk.
You are exhausted.
You feel yourself slow down. The wight hits you but does no damage.
You see here a yak skeleton.
You feel much better. The wight barely misses you.
Your skin crawls.
You feel strong-willed.
The wight hits you from afar with a +0 spear.
You feel drained.
The white ugly thing kicks you but does no damage.
The wight hits you from afar with a +0 spear!
* * * LOW HITPOINT WARNING * * *
A wight comes into view. It is wielding a +1 falchion.
The white ugly thing misses you.
The centaur shoots an arrow.
The arrow completely misses you.
Okay, then.
As you read the scroll labelled HYIHUI FOISHRI, it crumbles to dust.
It is a scroll of identify.
g - a scroll of vulnerability The centaur shoots an arrow.
The arrow completely misses you. The wight misses you.
The white ugly thing closely misses you.
The centaur shoots an arrow.
The arrow misses you.
Okay, then.
As you read the scroll labelled YHOHOE HEUGUKU, it crumbles to dust.
The creatures around you are filled with an inner flame!
It was a scroll of immolation.
The centaur shoots an arrow.
The arrow completely misses you.
The wight hits you from afar with a +0 spear!
* * * LOW HITPOINT WARNING * * *
You feel drained.
* * * LOW HITPOINT WARNING * * *
The white ugly thing kicks you.
* * * LOW HITPOINT WARNING * * *
The white ugly thing freezes you!!
Ouch! That really hurt!
You die...

#.# ... #.###
#.#.. #z#.#
#.#.# ## #.#z#
). #[..# .#
#<@.# .#
#.(u####.#.####
###c...c.$.....
#.####.#.####
### ... .### ##


You could see a white ugly thing (inner flame), a centaur (inner flame) and 2
wights.

Vanquished Creatures
  A gargoyle (D:10)
  4 yaks (D:10)
  2 steam dragons (D:9)
  Duvessa (D:6)
  A black bear (D:5)
  3 centaurs
  2 ogres (D:5)
  A gnoll sergeant (D:10)
  A scorpion (D:5)
  2 wights
  Dowan (D:6)
  A killer bee (D:9)
  A bombardier beetle (D:5)
  A hound (D:4)
  An orc priest (D:3)
  A jelly (D:6)
  2 iguanas
  6 orc wizards
  2 gnolls (D:10)
  7 adders
  A shadow imp (D:5)
  2 white imps
  An ufetubus (D:5)
  3 ribbon worms
  3 dart slugs
  10 orcs
  4 endoplasms
  2 giant cockroaches
  8 goblins
  7 hobgoblins
  4 quokkas
  4 ball pythons
  3 bats
  2 frilled lizards
  10 kobolds
  5 rats
110 creatures vanquished.

Vanquished Creatures (others)
  A two-headed ogre (D:9)
1 creature vanquished.

Grand Total: 111 creatures vanquished

Notes
Turn   | Place    | Note
-------+----------+-------------------------------------------
     0 | D:1      | Bamboolord the Coglin Berserker began the quest for the
                  | Orb.
     0 | D:1      | Reached XP level 1. HP: 18/18 MP: 1/1
   258 | D:1      | Reached XP level 2. HP: 20/24 MP: 2/2
   752 | D:2      | Reached XP level 3. HP: 28/29 MP: 3/3
   922 | D:2      | Found Ymeups's Antique Weapon Emporium.
  1223 | D:2      | Reached ** piety under Trog
  1675 | D:3      | Found Emian's Distillery.
  1698 | D:3      | Bought a potion of curing for 39 gold pieces
  1760 | D:3      | Reached XP level 4. HP: 33/35 MP: 4/4
  1914 | D:3      | Reached skill level 1 in Evocations
  1920 | D:3      | Reached XP level 5. HP: 22/42 MP: 5/5
  2002 | D:3      | Found a glowing golden altar of the Shining One.
  2445 | D:3      | Bought a potion of heal wounds for 65 gold pieces
  2561 | D:4      | Reached skill level 2 in Evocations
  2561 | D:4      | Reached XP level 6. HP: 44/48 MP: 6/6
  2621 | D:4      | Found a staircase to the Ecumenical Temple.
  2646 | Temple   | Entered the Ecumenical Temple
  2972 | D:5      | Entered Level 5 of the Dungeon
  3041 | D:5      | Reached *** piety under Trog
  3042 | D:5      | Reached skill level 3 in Evocations
  3042 | D:5      | Reached XP level 7. HP: 30/55 MP: 7/7
  3403 | D:5      | Found a snail-covered altar of Cheibriados.
  3412 | D:5      | Found a bloodstained altar of Trog.
  3413 | D:5      | Found a shimmering altar of Xom.
  3474 | D:5      | Reached skill level 4 in Evocations
  3631 | D:5      | Found a glowing silver altar of Zin.
  3810 | D:6      | Noticed Duvessa
  3811 | D:6      | Noticed Dowan
  3822 | D:6      | Killed Duvessa
  3823 | D:6      | Reached skill level 5 in Fighting
  3823 | D:6      | Reached skill level 5 in Axes
  3823 | D:6      | Reached XP level 8. HP: 33/62 MP: 8/8
  3839 | D:6      | Killed Dowan
  3848 | D:6      | HP: 3/62 [white imp/puff of frost (9)]
  4027 | D:6      | You fall into a shaft and drop 3 floors!
  4037 | D:9      | Noticed a two-headed ogre
  4045 | D:9      | Killed a two-headed ogre
  4046 | D:9      | Reached skill level 5 in Evocations
  4215 | D:9      | Noticed a two-headed ogre
  4215 | D:9      | Noticed a troll
  4215 | D:9      | Noticed a cyclops
  4219 | D:9      | Noticed a boulder beetle
  4219 | D:9      | Noticed a cyclops
  4219 | D:9      | Noticed a two-headed ogre
  4223 | D:9      | Noticed a yak
  4223 | D:9      | Noticed a yak
  4224 | D:9      | Noticed a yak
  4228 | D:10     | Entered Level 10 of the Dungeon
  4353 | D:9      | Reached XP level 9. HP: 69/69 MP: 9/9
  4442 | D:10     | Reached skill level 5 in Armour
  4442 | D:10     | Reached skill level 5 in Dodging
  4442 | D:10     | Reached skill level 6 in Evocations
  5145 | D:9      | Reached skill level 7 in Evocations
  5152 | D:9      | Noticed a boulder beetle
  5245 | D:10     | Noticed a gargoyle
  5254 | D:10     | Killed a gargoyle
  5257 | D:10     | Noticed a white ugly thing
  5274 | D:10     | Annihilated by a white ugly thing

Illustrated notes

Levels and vault maps discovered:
D:1:      ebering_hopf_link, layout_loops_ring
D:2:      layout_loops_corners, serial_shops, shop
D:3:      layout_basic, nicolae_tso_carved_into_rock, serial_shops, shop,
          nicolae_underground_beach
D:4:      layout_rooms, minmay_temple_entry_overgrown
D:5:      layout_rooms, minitemple, lemuel_doored_altar,
          kennysheep_generic_room_7
D:6:      layout_loops_ring, amcnicky_mini_corridor_feature,
          uniq_prince_ribbit1, uniq_duvessa
D:9:      nzn_winding_woodlands_large [nzn_winding_woodlands_5x5_checkerboard,
          nzn_winding_woodlands_5x15_zeroes,
          nzn_winding_woodlands_5x5_open_star,
          nzn_winding_woodlands_center_garden,
          nzn_winding_woodlands_15x15_thick_spiral,
          nzn_winding_woodlands_center_pierced_h,
          nzn_winding_woodlands_5x5_cross,
          nzn_winding_woodlands_5x15_river_crossing,
          nzn_winding_woodlands_5x5_perimeter], layout_cave_pools,
          kennysheep_vampire_church, kennysheep_generic_room_13
D:10:     layout_basic, mainiacjoe_overflow_surrounded_room, orc_0_dummy,
          hangedman_decor_diamond_cutter
Temple:   bh_familiar_temple

Skill      XL: |  1  2  3  4  5  6  7  8  9 |
---------------+----------------------------+-----
Armour         | 2 3 4 5 |  5.8
Dodging        | 2 3 4 5 |  5.7
Evocations     | 1 2 3 4 5 7 |  7.3
Fighting       | 4 5 6 |  6.7
Axes           | 4 5 6 |  6.7

Action                     |  1- 3 |  4- 6 |  7- 9 || total
---------------------------+-------+-------+-------++-------
  Melee: Hand axe          |    92 |   187 |   342 ||   621
         Dagger            |    18 |       |       ||    18
         Whip              |    66 |    25 |       ||    91
 Invoke: Berserk           |       |       |     3 ||     3
         Trog's Hand       |       |       |     1 ||     1
  Evoke: Wand              |       |       |     6 ||     6
    Use: Scroll            |       |     2 |     3 ||     5
         Potion            |       |       |     2 ||     2
   Stab: Sleeping          |     1 |       |       ||     1
 Armour: Animal skin       |    25 |       |       ||    25
         Scale mail        |    35 |    66 |   161 ||   262
         Steam dragon scal |       |       |    12 ||    12
  Dodge: Dodged            |    48 |    59 |   128 ||   235
         Repelled          |       |     3 |    20 ||    23

Table legend: (Time is in decaauts)
 A = Elapsed time spent in this place.
 B = Non-inter-level travel time spent in this place.
 C = Inter-level travel time spent in this place.
 D = Time resting spent in this place.
 E = Time spent auto-exploring this place.
 F = Levels seen in this place.
 G = Mean time per level.
                   A        B        C        D        E       F      G
               +--------+--------+--------+--------+--------+-----+--------+
         Total |   5324 |   5129 |    195 |   1211 |   2895 |   9 |  591.6 |
       Dungeon |   5323 |   5128 |    195 |   1211 |   2895 |   8 |  665.4 |
        Temple |      1 |      1 |      0 |      0 |      0 |   1 |    1.0 |
               +--------+--------+--------+--------+--------+-----+--------+

Top non-repeatable levels by time:
     D:2: 921 daAuts
    D:10: 906 daAuts
     D:3: 853 daAuts
     D:5: 825 daAuts
     D:1: 692 daAuts
     D:4: 518 daAuts
     D:9: 359 daAuts
     D:6: 245 daAuts
  Temple: 1 daAuts
